 Dungeon Crawl Stone Soup version 0.21-a0-440-g28109cb (webtiles) character file.

1976 AverageBear the Slicer (level 9, -6/49 HPs)
             Began as a Deep Elf Fighter on Nov 11, 2017.
             Was a Follower of Ashenzari.
             Killed from afar by a crimson imp (13 damage)
             ... with a wand of lightning (?/15)
             ... on level 6 of the Dungeon on Nov 12, 2017.
             The game lasted 00:07:51 (7745 turns).

AverageBear the Slicer (Deep Elf Fighter)           Turns: 7745, Time: 00:07:51

Health: -6/49      AC: 13    Str: 15 (16) XL:     9   Next: 0%
Magic:  11/11      EV: 13    Int: 14      God:    Ashenzari [*.....]
Gold:   295        SH:  4    Dex: 13 (14) Spells: 8/8 levels left

rFire    . . .     SeeInvis .   r - +3 short sword
rCold    . . .     Gourm    +   n - +0 buckler
rNeg     . . .     Faith    .   b - +0 scale mail
rPois    .         Spirit   .   p - +2 helmet
rElec    .         Reflect  .   (no cloak)
rCorr    .         Harm     .   j - +1 pair of gloves
MR       +....                  (no boots)
Stlth    +.........             k - amulet of the gourmand
HPRegen  0.16/turn              u - ring of stealth
MPRegen  0.12/turn              B - ring of protection from magic

@: no status effects
A: thin metallic scales 1, blink, deterioration 1
a: Blink, Curse Item, Scrying, Renounce Religion


You were on level 6 of the Dungeon.
You worshipped Ashenzari.
Ashenzari was aware of your devotion.
You were full.

You visited 2 branches of the dungeon, and saw 7 of its levels.
You also visited: Sewer.

You collected 295 gold pieces.

Inventory:

Hand Weapons
 a - a +0 rapier
 r - a +3 short sword (weapon)
Armour
 b - a +0 scale mail (worn)
 c - a +0 shield
 j - a +1 pair of gloves (worn)
 n - a +0 buckler (worn)
 p - a +2 helmet (worn)
Jewellery
 h - an uncursed amulet of rage
 k - an amulet of the gourmand (around neck)
 u - a ring of stealth (left hand)
 v - an uncursed ring of positive energy
 w - an uncursed ring of protection from fire
 B - a ring of protection from magic (right hand)
Scrolls
 i - 7 scrolls of identify
 o - 2 scrolls of fear
 q - 2 scrolls of enchant weapon
 t - 3 scrolls of blinking
 x - 5 scrolls of remove curse
 y - 3 scrolls of teleportation
 z - a scroll of amnesia
Potions
 d - a potion of might
 g - 2 potions of curing
 m - a potion of magic
 A - a potion of haste
Comestibles
 f - 8 bread rations
 l - 6 fruits
 D - 2 royal jellies


   Skills:
 - Level 2.4 Fighting
 - Level 9.1 Short Blades
 + Level 2.4 Armour
 - Level 9.1 Dodging
 - Level 2.4 Shields


You had 8 spell levels left.
You didn't know any spells.

Dungeon Overview and Level Annotations

Branches:
Dungeon (6/15)             Temple (1/1) D:4

Altars:
Ashenzari
Cheibriados
Dithmenos
Elyvilon
Fedhas
Gozag
Hepliaklqana
Kikubaaqudgha
Makhleb
Nemelex Xobeh
Okawaru
Qazlal
Ru
Sif Muna
Uskayaw
Vehumet
Wu Jian
Xom
Yredelemnul
Zin
The Shining One

Shops:
D:5 !   D:6 }


Innate Abilities, Weirdness & Mutations

You are partially covered in thin metallic scales. (AC +2)
You can translocate small distances at will.
Your body sometimes deteriorates upon taking damage.


Message History

You are too injured to fight recklessly!
You are too injured to fight recklessly!
You are too injured to fight recklessly!
You are too injured to fight recklessly!
You are confused.
You feel invigorated.
The crimson imp hits you but does no damage.
It was a potion of haste.
You feel yourself speed up.
The crimson imp sputters.
The crimson imp hits you.
It was a potion of cancellation.
Your magical effects are unravelling.
You feel magically purged.
You feel less invigorated.
You feel yourself slow down.
You feel less confused.
The crimson imp blinks!
Unknown command.
The crimson imp zaps a wand.
The bolt of lightning hits you!
* * * LOW HITPOINT WARNING * * *
The crimson imp zaps a wand.
The bolt of lightning hits you!
You die...

...............##
#..#####.####_
##..............###.........#
## .###......................
. ##...######.(.......#
..###..............# ...#
..............## .....
...............#
...............#
.......@........#
.................
.................
.................
....5............
.................
................
...............


You could see a crimson imp.

Vanquished Creatures
  The ghost of ShadedKnight the Basher, a novice GrEE of Ashenzari (D:5)
  A hippogriff (D:5)
  An orc warrior (D:6)
  An ice beast (D:5)
  3 ogres (D:4)
  7 big kobolds (Sewer)
  2 crimson imps
  An orc priest (D:4)
  2 orc wizards
  A worker ant (D:4)
  An iguana (D:6)
  17 adders
  3 gnolls (D:3)
  2 river rats (Sewer)
  A shadow imp (D:5)
  4 oozes
  9 worms
  2 dart slugs
  5 leopard geckos
  9 orcs
  2 ball pythons
  8 bats
  3 giant cockroaches
  8 goblins
  5 hobgoblins
  2 jackals (D:3)
  2 quokkas (D:2)
  7 frilled lizards
  10 kobolds
  A leopard gecko zombie (D:5)
  A quokka skeleton (D:4)
  12 rats
134 creatures vanquished.

Notes
Turn   | Place    | Note
-------+----------+-------------------------------------------
     0 | D:1      | AverageBear the Deep Elf Fighter began the quest for the Orb.
     0 | D:1      | Reached XP level 1. HP: 13/13 MP: 3/3
   234 | D:1      | Reached XP level 2. HP: 18/18 MP: 4/4
  1144 | D:2      | Reached XP level 3. HP: 19/22 MP: 5/5
  1639 | D:2      | Reached XP level 4. HP: 24/27 MP: 6/6
  2022 | D:3      | Found a sparkling altar of Nemelex Xobeh.
  2147 | D:3      | Reached skill level 5 in Short Blades
  2154 | D:3      | Reached XP level 5. HP: 11/31 MP: 7/7
  3205 | D:4      | Found a glowing drain.
  3207 | D:4      | Noticed an ogre
  3230 | D:4      | Killed an ogre
  3230 | D:4      | Reached XP level 6. HP: 16/36 MP: 8/8
  3267 | Sewer    | Entered a sewer
  3893 | Sewer    | Reached XP level 7. HP: 23/40 MP: 9/9
  4649 | Sewer    | HP: 2/40 [worm (9)]
  5314 | D:4      | HP: 2/40 [ogre/giant club (11)]
  5712 | D:4      | Found a staircase to the Ecumenical Temple.
  5814 | Temple   | Entered the Ecumenical Temple
  5879 | Temple   | Became a worshipper of Ashenzari the Shackled
  6039 | D:4      | Reached XP level 8. HP: 35/45 MP: 10/10
  6131 | D:4      | Gained mutation: Your body sometimes deteriorates upon taking damage. [potion of mutation]
  6131 | D:4      | Gained mutation: You can translocate small distances at will. [potion of mutation]
  6131 | D:4      | Gained mutation: You are partially covered in thin metallic scales. (AC +2) [potion of mutation]
  6142 | D:5      | Entered Level 5 of the Dungeon
  6256 | D:5      | Found Koeheut's Distillery.
  6274 | D:5      | Noticed a hippogriff
  6275 | D:5      | Noticed ShadedKnight's ghost (novice GrEE)
  6287 | D:5      | Killed a hippogriff
  6287 | D:5      | Reached skill level 5 in Dodging
  6308 | D:5      | Killed ShadedKnight's ghost
  6731 | D:5      | Reached * piety under Ashenzari
  7501 | D:6      | Found a glowing golden altar of the Shining One.
  7534 | D:6      | Reached XP level 9. HP: 49/49 MP: 11/11
  7575 | D:6      | Found Qoguis's Gadget Boutique.
  7745 | D:6      | Killed from afar by a crimson imp

Vault maps used:
D:1:      minmay_arrival_nine_rooms
D:2:      first_bread, minmay_pentomino_w2
D:3:      overflow_temple_1_default
D:4:      minmay_temple_entry_poolview, portal_sewer_entry_a
D:5:      serial_shops, nicolae_shop_waterfront
D:6:      serial_shops, shop, tso_altar, uniq_menkaure, uniq_eustachio
Temple:   compressed_dpeg_triangle_lava_temple
Sewer:    sewer_co_tree

Skill      XL: |  1  2  3  4  5  6  7  8 |
---------------+-------------------------+-----
Short Blades   | 3 4 5 6 7 9 |  9.1
Dodging        | 3 9 |  9.1
Fighting       | |  2.4
Armour         | |  2.4
Shields        | |  2.4

Action                   |  1- 3 |  4- 6 |  7- 9 || total
-------------------------+-------+-------+-------++-------
Melee: Rapier            |   106 |       |       ||   106
       Short sword       |    23 |   265 |   301 ||   589
  Use: Scroll            |       |     8 |     4 ||    12
       Potion            |       |     1 |     8 ||     9
  Eat: Chunk             |    12 |    11 |     9 ||    32
Armor: Scale mail        |    74 |    83 |    65 ||   222
Dodge: Dodged            |    30 |    76 |    76 ||   182
Block: Shield            |    41 |       |       ||    41
       Buckler           |     4 |    50 |    27 ||    81

Table legend:
 A = Spawn XP
 B = Non-spawn XP
 C = Spawn XP percentage of total XP
 D = Spawn monster count
 E = Non-spawn monster count
 F = Spawn count percentage of total count
 G = Total turns spent on level
                    A         B        C        D         E        F      G
               +---------+---------+-------+---------+---------+-------+---------
         Total |       0 |    2824 |   0.0 |       0 |     134 |   0.0 |  7745
               +---------+---------+-------+---------+---------+-------+---------
           D:1 |       0 |      34 |   0.0 |       0 |      19 |   0.0 |  1121
           D:2 |       0 |      89 |   0.0 |       0 |      23 |   0.0 |   826
           D:3 |       0 |     153 |   0.0 |       0 |      29 |   0.0 |  1197
           D:4 |       0 |     504 |   0.0 |       0 |      21 |   0.0 |   873
           D:5 |       0 |     928 |   0.0 |       0 |       9 |   0.0 |  1059
           D:6 |       0 |     258 |   0.0 |       0 |       5 |   0.0 |   544
         Sewer |       0 |     858 |   0.0 |       0 |      28 |   0.0 |  2043
               +---------+---------+-------+---------+---------+-------+---------
